 Dungeon Crawl Stone Soup version 0.30-a0-743-gbfdf073431 (webtiles) character file.

Game seed: 15262646129805920805

23046 HammerPanzer the Executioner (level 12, -12/135 HPs)
             Began as a Minotaur Berserker on Feb 7, 2023.
             Was a High Priest of Trog.
             Mangled by a boulder beetle (20 damage)
             ... on level 13 of the Dungeon.
             The game lasted 00:34:49 (12311 turns).

HammerPanzer the Executioner (Minotaur Berserker)  Turns: 12311, Time: 00:34:50

Health: -12/135    AC: 15    Str: 31    XL:     12   Next: 68%
Magic:  11/11      EV: 11    Int:  4    God:    Trog [*****.]
Gold:   784        SH:  8    Dex: 17    Spells: 11/11 levels left

rFire   + + .      SeeInvis +    C - +4 hand axe of the Irksome God {heavy, rElec rPois Dex+3}
rCold   + . .      Faith    .    J - +1 kite shield {reflect}
rNeg    . . .      Spirit   .    K - +0 plate armour of Anaesthesia {Rampage Will+ Stlth+}
rPois   +          Reflect  +    t - +2 hat
rElec   +          Harm     .    l - scarf {rC+ rF+}
rCorr   .          Rampage  +    L - +1 pair of gloves {Dex+3}
Will    +....                    (no boots) Stlth
                                 (no amulet)
HPRegen 0.42/turn                b - +5 ring of evasion
MPRegen 0.12/turn                H - ring "Socant" {rF+ Str+5}

@: berserking, very quick
A: horns 2, retaliatory headbutt, see invisible
a: Renounce Religion, Berserk, Trog's Hand, Brothers in Arms


You were on level 13 of the Dungeon.
You worshipped Trog.
Trog was extremely pleased with you.
You visited 1 branch of the dungeon, and saw 13 of its levels.
You also visited: Gauntlet.

You collected 944 gold pieces.
You spent 160 gold pieces at shops.

Inventory:

Hand Weapons
 w - the +6 hand axe "Guirphamn" {freeze, Drain rElec Will- SInv}
   (You found it on level 12 of the Dungeon)

   rElec:     It insulates you from electricity.
   SInv:      It lets you see invisible.
   Drain:     It drains your maximum health when unequipped.
   Will:      It decreases your willpower.
 C - the +4 hand axe of the Irksome God (weapon) {heavy, rElec rPois Dex+3}
   (You bought it in a shop on level 8 of the Dungeon)

   Dex:       It affects your dexterity (+3).
   rElec:     It insulates you from electricity.
   rPois:     It protects you from poison.
 I - a +4 broad axe of electrocution
 Q - a +1 vampiric broad axe
Missiles
 E - 11 atropa-tipped darts (quivered)
Armour
 l - a scarf of resistance (worn)
 t - a +2 hat (worn)
 x - the +0 buckler of Nouc {rC+ rCorr}
   (You acquired it on level 11 of the Dungeon)

   rC:        It protects you from cold.
   rCorr:     It protects you from acid and corrosion.
 J - a +1 kite shield of reflection (worn)
 K - the +0 plate armour of Anaesthesia (worn) {Rampage Will+ Stlth+}
   (You took it off a minotaur in a Gauntlet)

   Rampage:   It bestows one free step when moving towards enemies.
   Will:      It increases your willpower.
   Stlth:     It makes you more stealthy.
 L - a +1 pair of gloves of dexterity (worn)
 N - the +0 acid dragon scales "Estesm" {rElec rCorr Str+8 Slay-4}
   (You found it in a Gauntlet)

   Str:       It affects your strength (+8).
   Slay:      It affects your accuracy & damage with ranged weapons and melee
   (-4).
   rElec:     It insulates you from electricity.
   rCorr:     It protects you from acid and corrosion.
Jewellery
 b - a +5 ring of evasion (left hand)
 p - a ring of fire
 u - a +5 ring of evasion
 z - a ring of ice
 D - a ring of flight
 H - the ring "Socant" (right hand) {rF+ Str+5}
   (You found it in a Gauntlet)

   [ring of protection from fire]

   Str:       It affects your strength (+5).
   rF:        It protects you from fire.
Wands
 g - a wand of paralysis (4)
 k - a wand of iceblast (22)
 n - a wand of digging (1)
 v - a wand of flame (28)
 F - a wand of light (16)
Scrolls
 a - 2 scrolls of blinking
 f - 2 scrolls of magic mapping
 o - 2 scrolls of teleportation {unknown}
 q - 2 scrolls of identify
 y - a scroll of brand weapon {unknown}
 A - a scroll of poison
 B - 2 scrolls of fog
 P - a scroll of fear {unknown}
Potions
 c - 7 potions of lignification
 d - 2 potions of brilliance
 e - a potion of ambrosia
 h - 2 potions of resistance
 i - 3 potions of haste {unknown}
 j - 2 potions of might {unknown}
 m - 11 potions of curing
 r - 2 potions of flight {unknown}
 s - a potion of attraction {unknown}
 G - 2 potions of cancellation {unknown}
 R - a potion of mutation {unknown}
Miscellaneous
 M - a condenser vane
 O - a tin of tremorstones (2/2)


   Skills:
 - Level 3.6 Fighting
 + Level 24.3 Axes
 - Level 2.4 Armour
 - Level 2.1 Dodging


You had 11 spell levels left.
You didn't know any spells.
Your spell library was empty.

Dungeon Overview and Level Annotations

Branches:
Dungeon (13/15)            Temple (0/1) D:4            Lair (0/5) D:11
    Orc (0/2) D:9         Gauntlet (visited)
 Vaults: D:13-14

Altars:
Fedhas
Kikubaaqudgha
Qazlal
Sif Muna
Zin

Shops:
D:8 (


Innate Abilities, Weirdness & Mutations

You have a pair of horns on your head.
You reflexively headbutt those who attack you in melee.
You have supernaturally acute eyesight. (SInv)


Message History

The boulder beetle barely misses you. You furiously retaliate!
You headbutt the boulder beetle!
The boulder beetle stops rolling and uncurls.
The boulder beetle curls into a ball and begins rolling!
The boulder beetle hits you!!
* * * LOW HITPOINT WARNING * * *
The boulder beetle stops rolling and uncurls.
You slash the boulder beetle!
You headbutt the boulder beetle, but do no damage.
The boulder beetle is heavily wounded.
The boulder beetle bites you!
* * * LOW HITPOINT WARNING * * *
A red film seems to cover your vision as you go berserk!
You feel yourself moving faster!
You feel mighty! You block the boulder beetle's attack.
You hit the boulder beetle.
The boulder beetle is heavily wounded.
The boulder beetle barely misses you.
You hit the boulder beetle.
Your headbutt misses the boulder beetle.
The boulder beetle is heavily wounded.
You slash the boulder beetle!
The boulder beetle is severely wounded.
The boulder beetle bites you.
* * * LOW HITPOINT WARNING * * *
You completely miss the boulder beetle. You headbutt the boulder beetle.
The boulder beetle is severely wounded.
The boulder beetle bites you!
* * * LOW HITPOINT WARNING * * *
You hit the boulder beetle but do no damage.
The boulder beetle is severely wounded.
The boulder beetle bites you!
* * * LOW HITPOINT WARNING * * *
You slash the boulder beetle!
The boulder beetle is severely wounded.
You slash the boulder beetle!
The boulder beetle is almost dead.
The boulder beetle leaps!
You rampage towards the boulder beetle!
The boulder beetle bites you!!
You die...

##### #...#
#####...####
........○..#
####..○##.#
#...##B#
#...##@# ..
#..B##°# .<
#..°##.# #.
#..°##.#
.#####.
#...##.#
.......
#..°.#.#
.......
########.°#.##
.......
.............#
.......
...#####..#.##
#+# .....#.


You could see a boulder beetle.

Vanquished Creatures
  Gastronok (D:8)
  A minotaur (Gauntlet)
  2 great orbs of eyes (Gauntlet)
  Harold (D:10)
  Erolcha (D:9)
  A boulder beetle (D:12)
  2 centaur warriors
  3 two-headed ogres
  Pikel (D:8)
  5 ugly things
  A cyclops (D:11)
  Maurice (D:12)
  Joseph (D:7)
  An unseen horror (D:12)
  3 kobold demonologists (D:12)
  A queen bee (shapeshifter) (D:13)
  5 trolls
  2 hornets (D:7)
  A shadow (D:10)
  A wraith (D:9)
  5 wyverns
  Grum (D:8)
  16 yaks
  3 steam dragons
  2 acid dragons
  4 water moccasins
  2 orc warriors
  A black bear (D:7)
  2 ice beasts
  A sky beast (D:7)
  2 ogres
  10 centaurs
  4 wolves (D:8)
  5 kobold brigands
  2 lemures (D:8)
  A bullfrog (D:6)
  4 scorpions (D:6)
  A gnoll sergeant (D:12)
  3 wights (D:7)
  15 killer bees
  3 howler monkeys (D:11)
  A jelly (D:5)
  9 orc priests
  An iguana (D:6)
  Natasha (thrice) (D:2)
  6 orc wizards
  7 gnolls
  8 adders
  A white imp (D:7)
  2 worms
  2 dart slugs
  38 orcs
  5 ball pythons
  2 endoplasms
  14 giant cockroaches
  4 goblins
  11 hobgoblins
  3 jackals (D:2)
  23 kobolds
  3 quokkas
  A bat (D:1)
  3 frilled lizards
  8 rats
277 creatures vanquished.

Vanquished Creatures (others)
  Nessos (D:12)
1 creature vanquished.

Grand Total: 278 creatures vanquished

Notes
Turn   | Place    | Note
-------+----------+-------------------------------------------
     0 | D:1      | HammerPanzer the Minotaur Berserker began the quest for the
                  | Orb.
     0 | D:1      | Reached XP level 1. HP: 19/19 MP: 0/0
    99 | D:1      | Reached skill level 4 in Axes
   123 | D:1      | Reached XP level 2. HP: 26/26 MP: 1/1
   713 | D:2      | Reached skill level 5 in Axes
   733 | D:2      | Reached XP level 3. HP: 22/31 MP: 2/2
   782 | D:2      | Reached ** piety under Trog
  1066 | D:2      | Reached XP level 4. HP: 39/39 MP: 3/3
  1210 | D:2      | Noticed Natasha
  1212 | D:2      | Reached skill level 6 in Axes
  1215 | D:2      | Killed Natasha
  1426 | D:2      | Noticed Natasha
  1432 | D:2      | Killed Natasha
  1476 | D:2      | Noticed Natasha
  1483 | D:2      | Killed Natasha
  1484 | D:2      | Reached skill level 7 in Axes
  1484 | D:2      | Reached XP level 5. HP: 39/45 MP: 4/4
  1972 | D:3      | Reached skill level 8 in Axes
  1979 | D:3      | Reached XP level 6. HP: 51/51 MP: 5/5
  2416 | D:3      | Found a glowing silver altar of Zin.
  2550 | D:4      | Found a staircase to the Ecumenical Temple.
  2758 | D:4      | Reached *** piety under Trog
  3110 | D:5      | Entered Level 5 of the Dungeon
  3194 | D:5      | Reached skill level 9 in Axes
  3621 | D:6      | Reached XP level 7. HP: 51/57 MP: 6/6
  3698 | D:6      | Reached skill level 10 in Axes
  3736 | D:6      | Reached skill level 11 in Axes
  3861 | D:6      | Reached **** piety under Trog
  3862 | D:6      | Reached XP level 8. HP: 64/64 MP: 7/7
  4000 | D:6      | Found a stormy altar of Qazlal.
  4134 | D:6      | Reached skill level 12 in Axes
  4704 | D:7      | Reached skill level 13 in Axes
  4898 | D:7      | Noticed Joseph
  4903 | D:7      | Killed Joseph
  4904 | D:7      | Reached skill level 14 in Axes
  4922 | D:7      | Found an ancient bone altar of Kikubaaqudgha.
  4953 | D:7      | Noticed a hornet
  4957 | D:7      | Killed a hornet
  4958 | D:7      | Reached XP level 9. HP: 64/70 MP: 8/8
  5058 | D:7      | Found a shimmering blue altar of Sif Muna.
  5211 | D:7      | Reached skill level 15 in Axes
  6139 | D:8      | Reached skill level 16 in Axes
  6308 | D:8      | Noticed Pikel
  6319 | D:8      | Killed Pikel
  6479 | D:8      | Noticed Grum
  6487 | D:8      | Found Tuczud's Antique Weapon Shop.
  6489 | D:8      | Killed Grum
  6490 | D:8      | Reached skill level 17 in Axes
  6490 | D:8      | Reached XP level 10. HP: 66/77 MP: 9/9
  6506 | D:8      | Bought a slimy hand axe for 160 gold pieces
  6506 | D:8      | Identified the +4 hand axe of the Irksome God {heavy, rElec
                  | rPois Dex+3} (You bought it in a shop on level 8 of the
                  | Dungeon)
  6528 | D:8      | Noticed Gastronok
  6544 | D:8      | Killed Gastronok
  6545 | D:8      | Reached skill level 18 in Axes
  7407 | D:9      | Found a staircase to the Orcish Mines.
  7414 | D:9      | Found a blossoming altar of Fedhas.
  7525 | D:9      | Reached skill level 19 in Axes
  7631 | D:9      | Noticed Erolcha
  7635 | D:9      | Killed Erolcha
  7736 | D:9      | Reached XP level 11. HP: 82/82 MP: 10/10
  7778 | D:9      | Reached skill level 20 in Axes
  7823 | D:9      | Noticed a purple ugly thing
  7828 | D:9      | Killed a purple ugly thing
  7829 | D:9      | Noticed a centaur warrior
  7840 | D:9      | Killed a centaur warrior
  8197 | D:10     | Entered Level 10 of the Dungeon
  8333 | D:10     | Noticed a two-headed ogre
  8355 | D:10     | Reached skill level 21 in Axes
  8359 | D:10     | Killed a two-headed ogre
  9010 | D:10     | Noticed Harold
  9019 | D:10     | Killed Harold
  9481 | D:11     | Found a staircase to the Lair.
  9502 | D:11     | Noticed a centaur warrior
  9511 | D:11     | Killed a centaur warrior
  9511 | D:11     | Reached ***** piety under Trog
  9513 | D:11     | Reached skill level 22 in Axes
 10104 | D:11     | Identified a scroll of acquirement
 10104 | D:11     | Acquired the +0 buckler of Nouc {rC+ rCorr}
 10229 | D:12     | Noticed Maurice
 10244 | D:12     | Killed Maurice
 10285 | D:12     | Reached XP level 12. HP: 90/90 MP: 11/11
 10291 | D:12     | Gained mutation: You have supernaturally acute eyesight.
                  | (SInv) [a neqoxec]
 10294 | D:12     | Found a gate leading to a gauntlet.
 10303 | Gauntlet | Entered a Gauntlet
 10303 | Gauntlet | Noticed a great orb of eyes
 10303 | Gauntlet | Found a transporter.
 10303 | Gauntlet | Found a transporter.
 10303 | Gauntlet | Found a transporter.
 10303 | Gauntlet | Found a transporter.
 10307 | Gauntlet | Found a transporter.
 10322 | Gauntlet | Noticed a great orb of eyes
 10323 | Gauntlet | Found a transporter.
 10332 | Gauntlet | Found a transporter.
 10346 | Gauntlet | Found a transporter.
 10399 | Gauntlet | Killed a great orb of eyes
 10455 | Gauntlet | Killed a great orb of eyes
 10456 | Gauntlet | Reached skill level 23 in Axes
 10492 | Gauntlet | Identified the ring "Socant" {rF+ Str+5}
 10508 | Gauntlet | Identified the +0 plate armour of Anaesthesia {Rampage
                  | Will+ Stlth+}
 10508 | Gauntlet | Noticed a minotaur
 10521 | Gauntlet | Killed a minotaur
 10578 | Gauntlet | Identified the +0 acid dragon scales "Estesm" {rElec rCorr
                  | Str+8 Slay-4}
 10763 | D:12     | Noticed a boulder beetle
 10776 | D:12     | Killed a boulder beetle
 10959 | D:12     | Identified the +6 scale mail "Xaisusmy" {rPois Str-3 Int+3}
 11183 | D:12     | Noticed Nessos
 11185 | D:12     | Identified the +6 hand axe "Guirphamn" {freeze, Drain rElec
                  | Will- SInv}
 11204 | D:12     | Killed Nessos
 11564 | D:12     | Noticed a two-headed ogre
 11571 | D:12     | Killed a two-headed ogre
 11572 | D:12     | Reached skill level 24 in Axes
 11788 | D:13     | Noticed a two-headed ogre
 11795 | D:13     | Killed a two-headed ogre
 12280 | D:13     | Noticed a boulder beetle
 12311 | D:13     | Mangled by a boulder beetle

Illustrated notes

Levels and vault maps discovered:
D:1:      dpeg_arrival_rooms_c, layout_rooms
D:2:      minmay_roachtagon, layout_basic, serial_park_tiny_2, uniq_natasha
D:3:      layout_basic, mainiacjoe_overflow_alcove_1
D:4:      layout_basic, minmay_temple_entry_statues_fountains
D:5:      layout_cave_pools, minmay_misc_feat_doors,
          hangedman_abyss_or_decor_stagger, serial_bayou_pond_d
D:6:      layout_loops_ring, grunt_qazlal_clouds, serial_co_window_serial,
          co_window_cross_1, co_window_corner_a, co_window_corner_a,
          co_window_paths_a, co_window_corner_a, co_window_2corner,
          co_window_broadway_a, co_window_2corner, co_window_paths_c,
          co_window_paths_e
D:7:      layout_layer_cave, kennysheep_mini_moat, kiku_gazebo_garden_becter,
          uniq_joseph
D:8:      layout_loops_ring, serial_shops, shop, uniq_grum, uniq_gastronok,
          uniq_pikel
D:9:      minmay_chambers_of_sixes, layout_stronghold, fedhas_altar_fruit_tree,
          uniq_erolcha
D:10:     layout_long_grid, corexii_checkpoint_a, uniq_harold
D:11:     layout_long_grid, lair_entry_dummy
D:12:     layout_roguey, gauntlet_entry_generic, kennysheep_doodads,
          uniq_maurice, uniq_nessos
D:13:     layout_basic, kennysheep_generic_room_13

Skill      XL: |  1  2  3  4  5  6  7  8  9 10 11 12 |
---------------+-------------------------------------+-----
Axes           | 4 5 7 8 9 11 14 17 19 22 24 | 24.3
Fighting       | |  3.6
Armour         | |  2.4
Dodging        | |  2.1

Action                     |  1- 3 |  4- 6 |  7- 9 | 10-12 || total
---------------------------+-------+-------+-------+-------++-------
  Melee: Hand axe          |    83 |       |       |   307 ||   390
         Headbutt          |    10 |    12 |    12 |    81 ||   115
         Punch             |     1 |     2 |     1 |       ||     4
         War axe           |       |    89 |   131 |     9 ||   229
 Invoke: Berserk           |     1 |     1 |     2 |    11 ||    15
    Use: Scroll            |       |    13 |     1 |     5 ||    19
         Potion            |       |       |       |     2 ||     2
 Armour: Animal skin       |     8 |       |       |       ||     8
         Plate armour      |    11 |    49 |    57 |   120 ||   237
  Dodge: Dodged            |    46 |    47 |   104 |   262 ||   459
  Block: Buckler           |       |       |    10 |    78 ||    88
         Kite shield       |       |       |       |    29 ||    29
         Reflection        |       |       |       |     5 ||     5

Table legend: (Time is in decaauts)
 A = Elapsed time spent in this place.
 B = Non-inter-level travel time spent in this place.
 C = Inter-level travel time spent in this place.
 D = Time resting spent in this place.
 E = Time spent auto-exploring this place.
 F = Levels seen in this place.
 G = Mean time per level.
                   A        B        C        D        E       F      G
               +--------+--------+--------+--------+--------+-----+--------+
         Total |  12536 |  11985 |    551 |   2000 |   7675 |  14 |  895.4 |
       Dungeon |  12099 |  11548 |    551 |   1817 |   7675 |  13 |  930.7 |
      Gauntlet |    437 |    437 |      0 |    183 |      0 |   1 |  437.0 |
               +--------+--------+--------+--------+--------+-----+--------+

Top non-repeatable levels by time:
     D:9: 1445 daAuts
     D:7: 1331 daAuts
    D:11: 1161 daAuts
     D:2: 1159 daAuts
     D:6: 1079 daAuts
    D:10: 1069 daAuts
    D:12: 978 daAuts
     D:3: 814 daAuts
     D:8: 812 daAuts
     D:4: 607 daAuts
     D:1: 606 daAuts
    D:13: 522 daAuts
     D:5: 510 daAuts
Gauntlet: 437 daAuts
